 Dungeon Crawl Stone Soup version 0.31.0-1-g2c135a008e (webtiles) character file.

Game seed: 4132881382546238893

83 qw the Shooter (level 4, 0/35 HPs)
             Began as a Djinni Hunter on Jan 23, 2024.
             Killed from afar by Ijyb (2 damage)
             ... with a puff of flame
             ... on level 3 of the Dungeon.
             The game lasted 00:00:05 (1656 turns).

qw the Shooter (Djinni Hunter)                      Turns: 1656, Time: 00:00:06

Health: 0/35       AC:  5    Str: 10    XL:     4   Next: 71%
Gold:   167        EV: 11    Int: 10    God:
                   SH:  0    Dex: 19

rFire   + + .        a - +0 shortbow
rCold   x . .        (shield currently unavailable)
rNeg    . . .        d - +0 ring mail
rPois   inf          (no helmet)
rElec   .            (no cloak)
rCorr   .            (no gloves)
SInv    .            (boots unavailable)
Will    .....        (no amulet)
Stlth   +            (no ring)
HPRegen 0.25/turn    (no ring)
MPRegen 0.00/turn

%: infuse magic (-1 HP)
@: flying
A: sickness immunity, fire resistance 2, cold vulnerability 1, float, innate
caster, HP casting, extra vitality 1
a: no special abilities


You were on level 3 of the Dungeon.
You visited 1 branch of the dungeon, and saw 3 of its levels.

You collected 167 gold pieces.


Innate Abilities, Weirdness & Mutations

You are immune to sickness and miasma.
You are immune to poison.
Your flesh is very heat resistant. (rF++)
You are vulnerable to cold. (rC-)
You float through the air rather than walking.
You learn spells naturally, not from books.
Your magical power is your life essence.
You have superior vitality. (+4 MHP)


   Skills:
 - Level 3.0 Fighting
 + Level 4.1 Ranged Weapons
 - Level 1.2 Armour
 - Level 2.1 Dodging
 - Level 0.7 Stealth


You knew the following spells:

 Your Spells              Type           Power      Damage    Failure   Level
a - Kiss of Death         Conj/Necr      0%         2d5       67%         1
Your spell library was empty.

Inventory:

Hand Weapons
 a - a +0 shortbow (weapon)
Armour
 d - a +0 ring mail (worn)
Potions
 e - a potion of resistance

Dungeon Overview and Level Annotations

Branches:
Dungeon (3/15)

Altars:

Annotations:
D:3 Ijyb


Message History

The adder barely misses you. Ijyb hits you with a +0 dagger.
The adder bites you. Ijyb barely misses you.
You shoot an arrow. The arrow completely misses Ijyb.
The adder bites you but does no damage.
Ijyb zaps a wand.
The puff of flame misses you. The adder barely misses you.
You shoot an arrow. The arrow barely misses Ijyb.
The adder bites you but does no damage. Ijyb misses you. The adder bites you.
You shoot an arrow. The arrow hits Ijyb!
Ijyb is moderately wounded.
Ijyb hits you with a +0 dagger. The adder bites you but does no damage.
You shoot an arrow. The arrow hits Ijyb.
Ijyb is heavily wounded.
The adder completely misses you. Ijyb hits you with a +0 dagger.
The adder bites you but does no damage.
Ijyb screams, "It's all mine!"
Ijyb hits you with a +0 dagger.
You shoot an arrow. The arrow barely misses Ijyb.
The adder bites you but does no damage. Ijyb closely misses you.
You shoot an arrow. The arrow barely misses Ijyb.
The adder bites you but does no damage. Ijyb hits you with a +0 dagger.
The adder bites you but does no damage.
You shoot an arrow. The arrow hits Ijyb.
Ijyb is severely wounded.
The adder closely misses you. Ijyb hits you with a +0 dagger.
The adder bites you. Ijyb hits you with a +0 dagger.
1651 ||| READING scroll of teleportation.
As you read the scroll of teleportation, it crumbles to dust.
You feel strangely unstable. The adder completely misses you.
Ijyb hits you with a +0 dagger.
You shoot an arrow. The arrow closely misses Ijyb.
The adder closely misses you. Ijyb misses you. The adder closely misses you.
You shoot an arrow. The arrow barely misses Ijyb.
The adder bites you. Ijyb hits you with a +0 dagger.
The adder closely misses you.
You shoot an arrow. The arrow barely misses Ijyb.
Your surroundings seem slightly different.
You shoot an arrow. The arrow closely misses Ijyb.
The arrow misses the adder.
You shoot an arrow. The arrow misses Ijyb.
Ijyb zaps a wand.
The puff of flame hits you. You resist.
You die...

#...............<.#
#..###########....#
#..#########...)###
#..#.........##.#
#....##########.#
#....# #.# #....#
#.# #....# #.#
#..@.# +.# #....#
+.# #..S.# #.g..#
#....# ##ยค.## #..#
#..# #...


You could see Ijyb and an adder.

Vanquished Creatures
  3 adders
  2 ribbon worms (D:2)
  5 ball pythons
  4 endoplasms
  4 giant cockroaches
  2 goblins (D:1)
  4 hobgoblins
  4 jackals (D:1)
  5 quokkas
  5 bats
  2 frilled lizards (D:2)
  4 kobolds
  3 rats (D:2)
47 creatures vanquished.

Notes
Turn   | Place    | Note
-------+----------+-------------------------------------------
     0 | D:1      | qw the Djinni Hunter began the quest for the Orb.
     0 | D:1      | Reached XP level 1. HP: 18/18 MP: 0/0
     0 | D:1      | 0 ||| qw: Version: 0.3-a-135-gb77e89d
     0 | D:1      | 0 ||| qw: Game counter: 854
     0 | D:1      | 0 ||| qw: Melee chars always use a shield: true
     0 | D:1      | 0 ||| qw: God list: Okawaru
     0 | D:1      | 0 ||| qw: Allow faded altars: false
     0 | D:1      | 0 ||| qw: Do Orc after clearing Dungeon:15 true
     0 | D:1      | 0 ||| qw: Do second Lair branch before Depths: true
     0 | D:1      | 0 ||| qw: Lair rune preference: random
     0 | D:1      | 0 ||| qw: Goals: Normal
     0 | D:1      | 0 ||| PLANNING D:1-11
    95 | D:1      | Reached XP level 2. HP: 23/23 MP: 0/0
   215 | D:1      | Found a faded altar of an unknown god.
   344 | D:1      | Reached XP level 3. HP: 28/28 MP: 0/0
   344 | D:1      | Learned a level 1 spell: Kiss of Death
   402 | D:1      | Reached skill level 4 in Ranged Weapons
   743 | D:1      | 743 ||| UPGRADING to +0 ring mail.
   753 | D:1      | 753 ||| DROPPING +0 leather armour.
   754 | D:1      | 754 ||| DROPPING scroll of butterflies.
   895 | D:2      | Reached skill level 1 in Armour
   986 | D:2      | Reached XP level 4. HP: 34/34 MP: 0/0
  1116 | D:2      | Reached skill level 3 in Fighting
  1475 | D:2      | 1475 ||| READING scroll labelled YHIDWU SIELO.
  1576 | D:2      | 1576 ||| READING 3 scrolls labelled KOGHUY FUCRUE.
  1576 | D:2      | 1576 ||| IDENTIFYING viscous black potion
  1577 | D:2      | 1577 ||| READING 2 scrolls of identify.
  1577 | D:2      | 1577 ||| IDENTIFYING 2 puce potions
  1578 | D:2      | 1578 ||| READING scroll of identify.
  1578 | D:2      | 1578 ||| IDENTIFYING scroll labelled TODETARUILIE
  1579 | D:2      | 1579 ||| READING scroll labelled OHULAU NUTTI.
  1580 | D:2      | 1580 ||| DROPPING 2 potions of berserk rage.
  1636 | D:3      | Noticed Ijyb
  1650 | D:3      | HP: 8/35 [Ijyb/+0 dagger (3)]
  1651 | D:3      | 1651 ||| READING scroll of teleportation.
  1653 | D:3      | HP: 2/35 [adder (3)]
  1656 | D:3      | Killed from afar by Ijyb

Levels and vault maps discovered:
D:1:      tarquinn_simple_flora_water_a, layout_rooms,
          hellmonk_ecumenical_altar_crossroads, minmay_crystal_room,
          minmay_fountain_box, minmay_misc_feat_alley, grunt_decor_junction,
          minmay_misc_feat_nine_boxes, chequers_serial_rivers_marsh,
          reono_crystal_passage, nicolae_concentric_dashed_squares_mild,
          minmay_tetromino_i2
D:2:      layout_basic
D:3:      kennysheep_six_static_rooms, layout_rooms, mainiacjoe_overflow_paths,
          bloody_makhleb, nicolae_qazlal_scattered_showers,
          kennysheep_generic_room_6, uniq_ijyb

Skill      XL: |  1  2  3  4 |
---------------+-------------+-----
Ranged Weapons | 4 |  4.1
Armour         | 1 |  1.2
Fighting       | 3 |  3.0
Dodging        | |  2.1
Stealth        | |  0.7

Action                     |  1- 3 |  4- 6 || total
---------------------------+-------+-------++-------
   Fire: Shortbow          |   100 |    64 ||   164
    Use: Scroll            |       |     6 ||     6
 Armour: Leather armour    |    20 |       ||    20
         Ring mail         |    19 |    45 ||    64
  Dodge: Dodged            |    35 |    30 ||    65

Table legend:
 A = Non-vault XP
 B = Vault XP
 C = Vault XP percentage of total XP
 D = Non-vault monster count
 E = Vault monster count
 F = Vault count percentage of total count
                 A         B        C        D         E       F
            +---------+---------+-------+---------+---------+-------
      Total |     118 |       1 |   0.8 |      46 |       1 |   2.1
            +---------+---------+-------+---------+---------+-------
        D:1 |      38 |       1 |   2.6 |      22 |       1 |   4.3
        D:2 |      65 |       0 |   0.0 |      22 |       0 |   0.0
        D:3 |      15 |       0 |   0.0 |       2 |       0 |   0.0
            +---------+---------+-------+---------+---------+-------
